 Dungeon Crawl Stone Soup version 0.28.0-53-g5a82cb258f (webtiles) character file.

Game seed: 9517866316085438148

51 Zeld the Gusty (level 3, 0/19 HPs)
             Began as a Tengu Air Elementalist on June 15, 2022.
             Slain by Natasha (1 damage)
             ... on level 3 of the Dungeon.
             The game lasted 00:02:18 (2675 turns).

Zeld the Gusty (Tengu Air Elementalist)             Turns: 2675, Time: 00:02:19

Health: 0/19       AC:  2    Str:  8    XL:     3   Next: 83%
Magic:  4/7        EV:  9    Int: 17    God:
Gold:   67         SH:  0    Dex: 14    Spells: 1/7 levels left

rFire   . . .      SeeInvis .   (no weapon)
rCold   . . .      Faith    .   (no shield)
rNeg    + . .      Spirit   .   a - +0 robe
rPois   .          Reflect  .   (helmet restricted)
rElec   .          Harm     .   (no cloak)
rCorr   .          Rampage  .   (no gloves)
Will    .....                   (boots unavailable)
Stlth   ++........              (no amulet)
HPRegen 0.06/turn               h - ring of positive energy
MPRegen 0.10/turn               (no ring)

@: constricted
A: beak, talons 3
a: no special abilities


You were on level 3 of the Dungeon.
You visited 1 branch of the dungeon, and saw 3 of its levels.

You collected 67 gold pieces.

Inventory:

Missiles
 f - 5 poisoned darts
 i - 23 bolts
Armour
 a - a +0 robe (worn)
Jewellery
 h - a ring of positive energy (left hand)
Scrolls
 e - 2 scrolls of summoning {unknown}
 g - a scroll of blinking {unknown}
Potions
 b - 2 potions of heal wounds {unknown}
 c - a potion of flight {unknown}
 d - a potion of degeneration {unknown}
 j - a potion of haste {unknown}


   Skills:
 - Level 2.1 Dodging
 - Level 2.0 Stealth
 + Level 2.5 Spellcasting
 + Level 2.6 Conjurations
 * Level 5.2 Air Magic


You had one spell level left.
You knew the following spells:

 Your Spells              Type           Power      Damage    Failure   Level
a - Shock                 Conj/Air       60%        1d6       3%          1
b - Static Discharge      Conj/Air       15%        N/A       5%          2
c - Swiftness             Air            19%        N/A       7%          3

Your spell library contained the following spells:

 Spells                   Type           Power      Damage    Failure   Level
 Airstrike                Air            9%         N/A       22%         4


Dungeon Overview and Level Annotations

Branches:
Dungeon (3/15)

Altars:
Uskayaw

Annotations:
D:3 Natasha


Innate Abilities, Weirdness & Mutations

You have a beak for a mouth.
You have claws for feet.


Message History

Natasha growls.
Natasha casts a spell.
Casting: Static Discharge (safe; 5% risk of failure)
Confirm with . or Enter, or press ? or * to list all spells.
Aiming: Shock (safe; 3% risk of failure)
Press: ? - help, Shift-Dir - straight line, f - ball python
Aim: a ball python (68% to hit)
The zap hits the hobgoblin.
You kill the hobgoblin!
The zap hits Natasha.
Natasha is heavily wounded.
The zap misses the ball python.
The shadow imp gestures at you. Pain shoots through your body!
Casting: Shock (safe; 3% risk of failure)
Confirm with . or Enter, or press ? or * to list all spells.
Aiming: Shock (safe; 3% risk of failure)
Press: ? - help, Shift-Dir - straight line, f/p - ball python
Aim: a ball python (68% to hit)
The zap hits Natasha.
Natasha is severely wounded.
The zap hits the ball python.
The ball python is moderately wounded.
Natasha closely misses you.
Unknown command.
Casting: Shock (safe; 3% risk of failure)
Confirm with . or Enter, or press ? or * to list all spells.
Aiming: Shock (safe; 3% risk of failure)
Press: ? - help, Shift-Dir - straight line, f - Natasha, p - ball python
Aim: Natasha (severely wounded, 64% to hit)
Okay, then.
The goblin completely misses you. The ball python bites you.
The ball python grabs you. The ball python constricts you.
* * * LOW HITPOINT WARNING * * *
You barely miss the goblin. You claw the goblin.
The goblin is severely wounded.
The goblin hits you with a +0 club.
* * * LOW HITPOINT WARNING * * *
Natasha claws you.
You die...

########### ######.........#
### #....#.........# ##.#
#....#.........#
#..######....#....†....#
####......................#
.......#..................#
........<.......hS.5......#
................@###...######.
...#.............g.'..........
.................###.......##.
.........>...).....+.......+
.........#..########.......#
................# #.......#
.........##.....# #.......#
..........'.....# #.......#
.......#.##.....# #...#####


You could see Natasha, a shadow imp (summoned), a goblin and a ball python.

Vanquished Creatures
  2 adders (D:2)
  4 endoplasms
  A giant cockroach (D:2)
  3 goblins (D:2)
  6 hobgoblins
  2 kobolds
  A quokka (D:2)
  2 ball pythons (D:1)
  2 bats (D:2)
  7 frilled lizards
  A rat (D:3)
31 creatures vanquished.

Notes
Turn   | Place    | Note
-------+----------+-------------------------------------------
     0 | D:1      | Zeld the Tengu Air Elementalist began the quest for the
                  | Orb.
     0 | D:1      | Reached XP level 1. HP: 10/10 MP: 4/4
   452 | D:1      | Reached XP level 2. HP: 15/15 MP: 1/6
   455 | D:1      | Learned a level 2 spell: Static Discharge
   815 | D:1      | Found a faded altar of an unknown god.
  1426 | D:2      | Reached XP level 3. HP: 19/19 MP: 2/7
  1742 | D:2      | Reached skill level 5 in Air Magic
  1851 | D:2      | Learned a level 3 spell: Swiftness
  2226 | D:2      | Found a hide-covered altar of Uskayaw.
  2663 | D:3      | Noticed Natasha
  2675 | D:3      | Slain by Natasha

Illustrated notes

Levels and vault maps discovered:
D:1:      dpeg_arrival_simpleton_a, layout_loops_ring,
          hellmonk_ecumenical_altar_blasted
D:2:      minmay_chambers_of_ones, layout_basic, basic_altar,
          kennysheep_doodads, kennysheep_generic_room_4
D:3:      layout_basic, fedhas_ov_isle_minmay, uniq_natasha

Skill      XL: |  1  2  3 |
---------------+----------+-----
Conjurations   | 2 |  2.6
Air Magic      | 5 |  5.2
Dodging        | |  2.1
Stealth        | |  2.0
Spellcasting   | |  2.5

Action                   || total
-------------------------++-------
Melee: Unarmed           ||    27
       Kick              ||     9
       Peck              ||     4
 Cast: Shock             ||    35
       Static Discharge  ||    14
 Stab: Sleeping          ||     1
Armor: Robe              ||     3
Dodge: Dodged            ||    28
